Map: Port Aleksander LE

Players

Lambo - Winner!

  • Race: Zerg Zerg
  • League: Grandmaster
  • Spawn Location: 5:00

IIIIIIIIIIII

  • Race: Terran Terran
  • League: Master
  • Spawn Location: 11:00

VOD

Have the link to the VOD?

Description

Time

  • Played on: Jan. 10, 2019, 2 p.m.
  • Length: 9:45
Show
View Real Time Build Order
Export as new Build Order

Lambo Zerg - Winner!

Build Orders: Hatch First 

Get SALT Encoding   

  12  0:00  Drone  
  13  0:13  Overlord  
  13  0:18  Drone  
  14  0:31  Drone x2  
  16  0:50  Hatchery  
  16  0:52  Drone  
  16  0:56  Drone  
  17  0:59  Drone  
  18  1:10  Extractor  
  17  1:15  Spawning Pool  
  16  1:18  Drone  
  16  1:23  Drone  
  19  1:34  Extractor  
  19  1:42  Drone  
  20  2:02  Spine Crawler  
  20  2:03  Zergling x8  
  20  2:05  Queen  
  25  2:14  Zergling x2  
  26  2:24  Zergling x4  
  27  2:36  Zergling x4  
  27  2:38  Drone  
  24  2:46  Drone  
  24  2:49  Drone  
  25  3:01  Queen  
  27  3:14  Queen, Extractor  
  27  3:15  Overlord  
  29  3:25  Spine Crawler  
  28  3:33  Drone  
  30  3:34  Drone x4  
  30  3:37  Drone  
  33  3:44  Drone  
  33  3:46  Drone  
  36  3:55  Drone  
  36  4:02  Overlord, Extractor  
  36  4:03  Extractor  
  36  4:08  Overlord, Drone  
  36  4:21  Drone x6  
  42  4:26  Drone  
  42  4:27  Drone  
  44  4:33  Queen  
  47  4:38  Drone x2  
  48  4:50  Hatchery  
  48  4:51  Drone x2  
  49  4:52  Metabolic Boost  
  49  4:53  Drone  
  49  4:54  Extractor, Drone x2  
  49  4:57  Baneling Nest  
  50  5:00  Extractor, Drone  
  50  5:04  Drone  
  50  5:05  Drone  
  52  5:17  Lair  
  52  5:18  Overlord  
  52  5:25  Overlord  
  52  5:29  Overlord  
  51  5:36  Queen, Evolution Chamber  
  51  5:37  Drone x2  
  51  5:38  Evolution Chamber, Drone x2  
  51  5:41  Drone x2  
  57  5:43  Drone  
  57  5:46  Drone x2  
  60  5:50  Drone x2  
  60  5:52  Drone  
  60  5:54  Drone  
  60  5:55  Drone  
  65  5:57  Drone  
  65  5:59  Drone  
  65  6:03  Queen  
  69  6:05  Zergling x4  
  71  6:11  Zerg Ground Armor Level 1  
  71  6:12  Zerg Melee Weapons Level 1  
  71  6:14  Overseer  
  71  6:22  Centrifical Hooks  
  71  6:24  Drone x2  
  71  6:25  Drone x2  
  74  6:26  Zergling x4  
  74  6:31  Zergling x8  
  81  6:34  Overlord  
  81  6:35  Overlord  
  81  6:39  Overlord  
  81  6:44  Overlord  
  81  6:45  Extractor  
  81  6:46  Extractor  
  79  6:47  Overseer  
  79  6:48  Spore Crawler  
  79  6:49  Spore Crawler  
  79  6:50  Spore Crawler  
  79  6:51  Drone x3  
  80  6:54  Drone x2  
  80  6:55  Drone  
  80  6:58  Hydralisk Den  
  80  6:59  Drone  
  80  7:00  Drone  
  83  7:01  Drone  
  83  7:04  Drone x2  
  86  7:09  Drone x2  
  86  7:15  Infestation Pit  
  87  7:16  Drone  
  87  7:17  Drone  
  87  7:19  Drone x2  
  91  7:32  Hatchery  
  91  7:34  Muscular Augments  
  91  7:35  Hydralisk x4  
  98  7:37  Overlord  
  98  7:39  Hydralisk  
  98  7:41  Overlord  
  98  7:43  Pneumatized Carapace  
  100  7:46  Hydralisk  
  100  7:47  Overlord  
  102  7:51  Hydralisk x2  
  102  7:54  Hydralisk  
  102  7:56  Hydralisk  
  110  8:03  Hydralisk x3  
  110  8:05  Overlord  
  116  8:09  Hydralisk x2  
  120  8:14  Overlord  
  120  8:16  Hydralisk x2  
  120  8:19  Overlord  
  124  8:20  Overlord  
  124  8:26  Hydralisk  
  126  8:29  Hydralisk  
  126  8:33  Hydralisk  
  130  8:40  Zergling x14  
  137  8:43  Zergling x6  
  137  8:47  Zergling x2  
  137  8:48  Zergling x6  
  144  8:50  Overseer  
  144  8:52  Zergling x2  
  142  8:56  Baneling x11  
  142  8:57  Baneling  
  142  8:58  Baneling  
  142  9:00  Zergling x2  
  142  9:01  Zergling x2  
  144  9:03  Zergling x4  
  144  9:07  Zergling x8  
  150  9:11  Zergling x8  
  154  9:18  Zergling x10  
  154  9:20  Baneling x8  
  154  9:22  Zergling x4  
  161  9:26  Overlord  
Show
View Real Time Build Order
Export as new Build Order

IIIIIIIIIIII Terran 

Build Orders:  

Get SALT Encoding   

  12  0:02  SCV  
  13  0:15  SCV  
  13  0:19  Supply Depot  
  14  0:27  SCV  
  15  0:42  Barracks  
  15  0:54  Barracks  
  15  1:06  Barracks  
  15  1:11  SCV  
  16  1:23  SCV  
  17  1:29  Marine  
  18  1:39  Supply Depot  
  19  1:40  Bunker  
  19  1:43  Marine  
  19  1:46  Marine  
  20  1:55  Marine  
  20  1:58  SCV  
  22  2:01  Marine  
  22  2:05  Marine  
  24  2:13  Marine  
  24  2:15  Supply Depot  
  26  2:19  Marine  
  26  2:20  Bunker  
  26  2:26  Bunker  
  26  2:33  Marine  
  22  2:37  Marine  
  22  2:42  Marine  
  23  2:50  SCV  
  23  2:51  Marine  
  23  2:55  Marine  
  25  2:59  Marine  
  25  3:02  SCV  
  27  3:09  Marine  
  28  3:13  Marine  
  28  3:15  Orbital Command  
  29  3:44  SCV  
  29  3:45  Command Center  
  30  3:53  Refinery  
  30  3:54  Refinery  
  30  3:56  SCV  
  31  4:08  SCV, Supply Depot  
  32  4:20  SCV  
  33  4:28  Bunker  
  33  4:32  SCV  
  34  4:41  Factory  
  34  4:44  SCV  
  35  4:56  SCV  
  35  4:57  Orbital Command  
  36  5:08  Barracks Reactor  
  36  5:09  SCV  
  37  5:15  Command Center  
  37  5:21  SCV  
  38  5:23  SCV  
  39  5:30  Starport  
  39  5:33  SCV  
  39  5:35  SCV  
  41  5:43  Supply Depot  
  41  5:45  SCV  
  41  5:47  SCV  
  41  5:49  Hellion x2  
  47  5:54  Barracks Tech Lab  
  47  5:57  SCV  
  47  5:59  SCV  
  49  6:09  SCV, Supply Depot  
  49  6:10  Hellion  
  49  6:11  SCV, Hellion  
  54  6:15  Cloaking Field, Banshee  
  58  6:21  SCV  
  58  6:22  Refinery  
  58  6:24  SCV  
  58  6:25  Refinery  
  60  6:30  Orbital Command  
  60  6:33  SCV  
  60  6:37  SCV  
  60  6:38  Supply Depot  
  62  6:45  SCV  
  63  6:48  Hellion x2  
  63  6:49  SCV  
  68  6:57  SCV  
  68  6:59  Banshee  
  68  7:01  SCV  
  73  7:05  Factory x2  
  73  7:07  Orbital Command  
  73  7:10  SCV  
  73  7:13  Hellion x2, SCV, Supply Depot  
  79  7:22  SCV  
  80  7:24  Armory  
  80  7:25  Armory, SCV  
  81  7:34  SCV  
  82  7:37  SCV  
  82  7:39  Refinery  
  82  7:41  SCV  
  82  7:42  Refinery  
  84  7:46  SCV, Banshee  
  84  7:49  SCV  
  89  7:51  Factory Tech Lab  
  89  7:52  Factory Tech Lab  
  89  7:53  SCV  
  89  7:58  SCV  
  91  8:00  Supply Depot  
  91  8:01  SCV  
  91  8:05  SCV  
  93  8:09  Hellion x2  
  93  8:10  SCV, Siege Tank  
  93  8:11  Infernal Pre-Igniter, Siege Tank  
  104  8:13  SCV  
  104  8:17  SCV, Orbital Command  
  106  8:27  SCV  
  106  8:28  SCV  
  106  8:30  Hellion x2, Supply Depot  
  106  8:33  Supply Depot  
  113  8:38  Starport Reactor  
  113  8:39  SCV  
  112  8:43  SCV x2  
  112  8:45  Command Center  
  114  8:52  Supply Depot  
  118  8:56  Siege Tank  
  118  8:59  SCV x2  
  118  9:02  Supply Depot  
  123  9:04  SCV  
  123  9:05  Supply Depot  
  123  9:08  Hellion  
  124  9:10  Hellion  
  124  9:11  SCV x2  
  128  9:19  SCV  
  128  9:23  Factory  
  129  9:24  Factory  
Tags
 
Add a new tag
Caveats
  • Supply blocks, unpowered buildings, or Contaminate may cause inaccurate times.
  • Supply counts are checked every 10 seconds.